[ AOE2 MATCH · #505587463 ]
UnrankedMongols vs Huns
Player's team · LOSS
Rival team · WIN
[ REPLAY ANALYSIS · EXTRACTED FROM THE RECORDED GAME ]
Feudal
—
Castle
—
Imperial
—
| APM avg | 51.1 |
| APM peak | 100 |
| eAPM avg | 18.5 |
| Villagers / military | 48 / 0 |
Focus
⚔️ 33.5% · 🌾 66.5%
Feudal
9:20
Castle
—
Imperial
—
| APM avg | 33.3 |
| APM peak | 66 |
| eAPM avg | 16.0 |
| Villagers / military | 35 / 0 |
Focus
⚔️ 27.2% · 🌾 72.8%
Match map
Initial resources + every placement click. Lines = walls · curves = elevation contours. ◆ gold · ⬟ stone · ● berries · ✦ relic · ◌ wall gap
Your base· Open — unwalled flank
PaPa $/V\uRF's base· Open — unwalled flank
Smoothed initial terrain · ◌ = detected wall gap · hover for details
Inputs per minute
— Redwood MC9 - - PaPa $/V\uRF
Build order — Redwood MC9
67 actions detected in the replay
| 0:01 | Queue | Villager (Male) |
| 0:01 | Queue | Villager (Male) |
| 0:02 | Queue | Villager (Male) |
| 0:02 | Queue | Villager (Male) |
| 0:02 | Queue | Villager (Male) |
| 0:04 | Build | House |
| 0:05 | Build | House |
| 1:37 | Queue | Villager (Male) |
| 1:52 | Build | Lumber Camp |
| 1:56 | Queue | Villager (Male) |
| 2:27 | Queue | Villager (Male) ×2 |
| 2:57 | Queue | Villager (Male) |
| 3:03 | Build | House |
| 3:04 | Build | Palisade Wall |
| 3:28 | Queue | Villager (Male) |
| 3:57 | Queue | Villager (Male) |
| 3:58 | Queue | Villager (Male) |
| 4:42 | Queue | Villager (Male) |
| 5:22 | Queue | Villager (Male) |
| 5:22 | Queue | Villager (Male) |
| 5:22 | Research | Loom |
| 5:35 | Queue | Villager (Male) |
| 5:35 | Queue | Villager (Male) |
| 5:40 | Research | Loom |
| 6:10 | Queue | Villager (Male) |
| 6:15 | Build | House |
| 6:27 | Build | Mill |
| 7:15 | Build | Town Center |
| 7:27 | Build | Palisade Wall |
| 7:28 | Build | Palisade Wall |
| 8:04 | Build | Palisade Wall |
| 8:05 | Build | Palisade Wall |
| 8:20 | Build | Palisade Wall |
| 8:21 | Build | Palisade Wall |
| 8:29 | Build | Palisade Wall |
| 8:43 | Queue | Villager (Male) |
| 8:43 | Queue | Villager (Male) |
| 8:43 | Queue | Villager (Male) |
| 8:44 | Queue | Villager (Male) |
| 8:44 | Queue | Villager (Male) |
| 9:20 | Queue | Villager (Male) |
| 9:21 | Queue | Villager (Male) |
| 10:06 | Build | House |
| 10:07 | Build | Palisade Wall |
| 10:10 | Build | Palisade Wall |
| 11:11 | Queue | Villager (Male) |
| 11:43 | Build | Town Center |
| 11:48 | Build | Palisade Wall |
| 11:49 | Build | Palisade Wall |
| 11:49 | Build | Palisade Wall |
| 11:50 | Build | Palisade Wall |
| 11:50 | Build | Palisade Wall |
| 11:50 | Build | Palisade Wall |
| 11:51 | Build | Palisade Wall |
| 12:36 | Queue | Villager (Male) |
| 12:36 | Queue | Villager (Male) ×4 |
| 12:46 | Build | Mill |
| 14:36 | Queue | Villager (Male) ×2 |
| 14:36 | Queue | Villager (Male) ×2 |
| 15:23 | Queue | Villager (Male) ×3 |
| 15:33 | Build | Mill |
| 16:41 | Queue | Villager (Male) ×3 |
| 16:41 | Queue | Villager (Male) ×3 |
| 16:49 | Build | House |
| 21:16 | Queue | Villager (Male) |
| 21:17 | Queue | Villager (Male) |
| 21:17 | Queue | Villager (Male) |
Build order — PaPa $/V\uRF
55 actions detected in the replay
| 0:00 | Queue | Villager (Male) |
| 0:05 | Queue | Villager (Male) |
| 0:07 | Queue | Villager (Male) |
| 0:08 | Queue | Villager (Male) |
| 1:03 | Queue | Villager (Male) |
| 1:42 | Queue | Villager (Male) |
| 1:59 | Queue | Villager (Male) |
| 2:34 | Queue | Villager (Male) |
| 2:37 | Build | Mill |
| 3:02 | Queue | Villager (Male) |
| 3:13 | Queue | Villager (Male) |
| 4:07 | Queue | Villager (Male) |
| 4:20 | Queue | Villager (Male) |
| 4:43 | Queue | Villager (Male) |
| 5:15 | Queue | Villager (Male) |
| 5:28 | Queue | Villager (Male) |
| 5:39 | Build | Lumber Camp |
| 5:41 | Queue | Villager (Male) |
| 6:35 | Research | Loom |
| 7:10 | Research | Feudal Age |
| 7:52 | Queue | Villager (Male) |
| 8:21 | Queue | Villager (Male) |
| 8:43 | Queue | Villager (Male) |
| 8:49 | Queue | Villager (Male) |
| 9:03 | Queue | Villager (Male) |
| 9:19 | Build | Lumber Camp |
| 9:20 | Age | Feudal Age |
| 9:21 | Queue | Villager (Male) |
| 10:09 | Research | Double-Bit Axe |
| 11:33 | Build | Town Center |
| 11:35 | Build | Palisade Wall |
| 12:48 | Queue | Villager (Male) |
| 13:14 | Queue | Villager (Male) |
| 13:22 | Build | Lumber Camp |
| 13:31 | Queue | Villager (Male) |
| 13:47 | Queue | Villager (Male) |
| 14:08 | Queue | Villager (Male) |
| 14:30 | Queue | Villager (Male) |
| 14:38 | Build | Barracks |
| 14:40 | Queue | Villager (Male) |
| 14:55 | Build | Mining Camp |
| 14:58 | Queue | Villager (Male) |
| 15:21 | Queue | Villager (Male) |
| 15:50 | Queue | Villager (Male) |
| 16:18 | Queue | Villager (Male) |
| 16:34 | Queue | Villager (Male) |
| 18:51 | Build | Farm |
| 18:54 | Build | Farm |
| 20:04 | Build | Farm |
| 20:06 | Build | Farm |
| 20:31 | Build | Farm |
| 20:32 | Build | Farm |
| 21:00 | Queue | Villager (Male) |
| 21:13 | Build | Farm |
| 21:36 | Build | Outpost |
Match timeline
| 3:04 | Redwood MC9 · wall_segment Palisade Wall x1 |
| 7:27 | Redwood MC9 · wall_segment Palisade Wall x1 |
| 7:28 | Redwood MC9 · wall_segment Palisade Wall x1 |
| 8:04 | Redwood MC9 · wall_segment Palisade Wall x1 |
| 8:05 | Redwood MC9 · wall_segment Palisade Wall x1 |
| 8:20 | Redwood MC9 · wall_segment Palisade Wall x1 |
| 8:21 | Redwood MC9 · wall_segment Palisade Wall x1 |
| 8:29 | Redwood MC9 · wall_segment Palisade Wall x1 |
| 9:20 | PaPa $/V\uRF · age_up feudal |
| 10:07 | Redwood MC9 · wall_segment Palisade Wall x4 |
| 10:10 | Redwood MC9 · wall_segment Palisade Wall x9 |
| 11:35 | PaPa $/V\uRF · wall_segment Palisade Wall x1 |
| 11:48 | Redwood MC9 · wall_segment Palisade Wall x1 |
| 11:49 | Redwood MC9 · wall_segment Palisade Wall x1 |
| 11:49 | Redwood MC9 · wall_segment Palisade Wall x1 |
| 11:50 | Redwood MC9 · wall_segment Palisade Wall x2 |
| 11:50 | Redwood MC9 · wall_segment Palisade Wall x1 |
| 11:50 | Redwood MC9 · wall_segment Palisade Wall x1 |
| 11:51 | Redwood MC9 · wall_segment Palisade Wall x1 |
| 14:38 | PaPa $/V\uRF · first_building Barracks |
| 21:40 | Redwood MC9 · resign |
[ AI ANALYSIS · 1 CREDIT ]
What really happened in this match?
Wolo.gg analyzes every decision: build order, eco, micro, common mistakes by bracket. Personalized analysis on WhatsApp or Discord in 30 seconds.
Civ guide
Mongols
Perfil
Jugador #10953296